Map: Eindringling LE

Players

Panda - Winner!

  • Race: Zerg Zerg
  • League: Diamond
  • Spawn Location: 11:00

xStone

  • Race: Protoss Protoss
  • League: Diamond
  • Spawn Location: 5:00

VOD

Have the link to the VOD?

Description

Time

  • Played on: Sept. 8, 2017, 2:37 p.m.
  • Length: 2:26
Show
View Real Time Build Order
Export as new Build Order

Panda Zerg - Winner!

Build Orders: Pool Only 

Get SALT Encoding   

  12  0:01  Drone  
  13  0:15  Extractor  
  12  0:25  Spawning Pool  
  12  0:28  Drone  
  12  0:33  Drone  
  13  0:44  Overlord  
  13  0:53  Drone  
  14  1:12  Zergling x2  
  14  1:13  Zergling x4  
  17  1:30  Queen  
  19  1:36  Zergling x2  
  19  1:39  Zergling x2  
  21  1:45  Zergling x2  
Show
View Real Time Build Order
Export as new Build Order

xStone Protoss 

Build Orders: 1 Gate Expand 

Get SALT Encoding   

  12  0:01  Probe (Chrono Boost)  
  13  0:11  Probe (Chrono Boost)  
  14  0:18  Pylon  
  14  0:22  Probe (Chrono Boost)  
  15  0:36  Probe (Chrono Boost)  
  15  0:40  Gateway  
  16  0:47  Probe (Chrono Boost)  
  16  0:48  Assimilator  
  17  0:58  Probe (Chrono Boost)  
  18  1:19  Nexus  
  18  1:29  Cybernetics Core  
  18  1:36  Zealot  
  20  1:46  Gateway  
  20  1:50  Probe (Chrono Boost)  
  21  2:01  Probe (Chrono Boost)  
  21  2:02  Assimilator  
Tags
 
Add a new tag
Caveats
  • Supply blocks, unpowered buildings, or Contaminate may cause inaccurate times.
  • Supply counts are checked every 10 seconds.